 Dungeon Crawl Stone Soup version 0.18.1-5-g4a78601 (webtiles) character file.

39 inmateoo the Insei (level 3, -2/26 HPs)
             Began as a Demonspawn Transmuter on May 13, 2016.
             Slain by a worm (7 damage)
             ... on level 2 of the Dungeon.
             The game lasted 00:01:32 (1238 turns).

inmateoo the Insei (Demonspawn Transmuter)          Turns: 1238, Time: 00:01:33

Health: -2/26      AC:  3    Str: 11    XL:     3   Next: 28%
Magic:  5/6        EV: 12    Int: 14    God:
Gold:   68         SH:  0    Dex: 15    Spells: 2 memorised, 3 levels left

rFire  . . .     SeeInvis .       - Unarmed
rCold  . . .     Gourm    .     f - +0 leather armour (curse)
rNeg   . . .     Faith    .     (no shield)
rPois  .         Spirit   .     (no helmet)
rElec  .         Dismiss  .     (no cloak)
rCorr  .         Reflect  .     (no gloves)
SustAt .         Harm     .     (no boots)
MR     .....                    (no amulet)
Stlth  ++........               (no ring)
                                (no ring)

@: appendage (expiring), not resistant to hostile enchantments, unstealthy
A: hooves 1, horns 2, thin skeletal structure 1
a: End Transformation


You were on level 2 of the Dungeon.
You were not hungry.
You had grown temporary horns.
You visited 1 branch of the dungeon, and saw 2 of its levels.

You collected 68 gold pieces.

Inventory:

Missiles
 a - 31 arrows
Armour
 f - a cursed +0 leather armour (worn)
 k - a +0 scale mail
Jewellery
 m - an uncursed ring of ice
Scrolls
 e - a scroll of blinking {unknown}
 i - a scroll of amnesia {unknown}
 j - a scroll of magic mapping {unknown}
Potions
 b - 3 potions of resistance {unknown}
 g - a potion of curing {unknown}
Books
 c - a book of Changes

   Spells                             Type                      Level
   a - Beastly Appendage              Transmutation                1
   b - Sticks to Snakes               Transmutation                2
   c - Spider Form                    Transmutation/Poison         3
   d - Ice Form                       Ice/Transmutation            4
   e - Blade Hands                    Transmutation                5
Comestibles
 d - a bread ration
 h - 2 meat rations
 l - a chunk of flesh


   Skills:
 - Level 1.0 Fighting
 + Level 2.2 Dodging
 * Level 3.2 Unarmed Combat
 + Level 2.4 Spellcasting
 + Level 2.0 Transmutations


You had 3 spell levels left.
You knew the following spells:

 Your Spells              Type           Power        Failure   Level  Hunger
a - Beastly Appendage     Trmt           #.....       14%         1    #......
b - Sticks to Snakes      Trmt           #.......     21%         2    ###....


Dungeon Overview and Level Annotations

Branches:
Dungeon (2/15)

Altars:


Innate Abilities, Weirdness & Mutations

You have large cloven feet.
You have a somewhat thin skeletal structure (Dex +2, Stealth).
You have a pair of horns on your head.


Message History

You completely miss the worm.
The worm is heavily wounded.
You hit the worm but do no damage. You kick the worm, but do no damage.
You headbutt the worm, but do no damage.
The worm is heavily wounded.
Your transformation is almost over.
The worm bites you.
* * * LOW HITPOINT WARNING * * *
You are too injured to fight recklessly!
You are too injured to fight recklessly!
Unknown command.
You hit the worm. You kick the worm, but do no damage.
The worm is heavily wounded.
You hit the worm. You kick the worm, but do no damage. You headbutt the worm.
The worm is severely wounded.
The worm closely misses you.
You hit the worm. You headbutt the worm.
The worm is severely wounded.
The worm bites you!
You die...

##..(.........
###..###.###...
#..............#
#.####..#####...
#. ###..# #.
#....#
#.##.#.####
.##.##...........
.......@#.#..###.
......w.#.#..#
........#....#
.##.#..###...# #
#.. >... #..
<.### #.# >## #.


You could see a worm.

Vanquished Creatures
  An adder (D:2)
  3 dart slugs (D:1)
  A giant gecko (D:1)
  2 ball pythons (D:1)
  4 bats (D:1)
  3 goblins
  2 hobgoblins (D:1)
  A giant newt (D:1)
  5 kobolds (D:1)
  3 rats (D:1)
25 creatures vanquished.

Notes
Turn   | Place    | Note
--------------------------------------------------------------
     0 | D:1      | inmateoo the Demonspawn Transmuter began the quest for the Orb.
     0 | D:1      | Reached XP level 1. HP: 15/15 MP: 3/3
     3 | D:1      | Noticed an electric eel
     3 | D:1      | Noticed an electric eel
   335 | D:1      | Gained mutation: You have a somewhat thin skeletal structure (Dex +2, Stealth). [demonic ancestry]
   335 | D:1      | Reached XP level 2. HP: 17/21 MP: 5/5
   605 | D:1      | Learned a level 2 spell: Sticks to Snakes
   684 | D:1      | Reached skill level 3 in Unarmed Combat
  1127 | D:1      | Gained mutation: You have large cloven feet. [demonic ancestry]
  1127 | D:1      | Reached XP level 3. HP: 22/26 MP: 6/6
  1238 | D:2      | Slain by a worm

Skill      XL: |  1  2 |
---------------+-------+-----
Dodging        | 2 |  2.2
Unarmed Combat | 3 |  3.2
Transmutations | 2 |  2.0
Fighting       | |  1.0
Spellcasting   | |  2.4

Action                   || total
-------------------------++-------
Melee: Unarmed           ||   117
       Punch             ||     2
       Kick              ||     7
       Headbutt          ||     7
 Cast: Beastly Appendage ||     2
 Stab: Sleeping          ||     7
  Eat: Chunk             ||     1
Armor: Leather armour    ||    42
Dodge: Dodged            ||    73
